Panthers vs Capitals

Created - July 20, 2022 at 22:51

Goals
1 2 3 T
Panthers 0 3 2 5
Capitals 0 1 1 2
Shots
1 2 3 T
Panthers 10 12 13 35
Capitals 12 6 5 23

1st period

No Goal

Penalties :
Adam Larsson (Flo) for Interference (Minor) at 3:15, Adam Larsson (Flo) for High sticking (Minor) at 12:21, Jason Spezza (Was) for Hooking (Minor) at 12:27, Jared Spurgeon (Was) for Cross-checking (Minor) at 14:45

2nd period

1. Capitals , Patrick Kane 6 (Sergey Kalinin 4, Cameron Gaunce 4) at 7:42 (PP)
2. Panthers , Nick Bjugstad 3 (Matt Duchene 6, Taylor Hall 10) at 12:39
3. Panthers , Matt Duchene 9 (Taylor Hall 11, Oscar Klefbom 4) at 13:49 (PP)
4. Panthers , Benoit Pouliot 2 (Anze Kopitar 4, Adam Larsson 1) at 14:01 (PP)

Penalties :
Mark Stone (Was) for Hooking (Minor) at 1:05, Jared Spurgeon (Was) for Roughing (Minor) at 3:53, Adam Larsson (Flo) for Hooking (Minor) at 7:09, Erik Gudbranson (Flo) for Holding (Minor) at 7:59, Nikita Zaitsev (Was) for High sticking (Double Minor) at 12:48, Trevor Daley (Was) for Hooking (Minor) at 16:13

3rd period

5. Panthers , Taylor Hall 4 (Matt Duchene 7, Dalton Prout 2) at 9:17
6. Capitals , Cody Hodgson 9 (Nikita Zaitsev 3) at 9:29
7. Panthers , Max Reinhart 3 (Jeremy Morin 3, Byron Bitz 3) at 13:33

Penalties :
No Penalty

Goalie Stats

Petr Mrazek (Flo), 21 saves from 23 shots - (0.913), W, 7-2-1, 60:00 minutes
Cory Schneider (Was), 30 saves from 35 shots - (0.857), L, 5-3-1, 60:00 minutes

Players Stats for Panthers

Player Name              G  A  P  +/- PIM S  H  SB GA TA FO     MP     PP MP  PK MP  
------------------------------------------------------------------------------------
Adam Larsson             0  1  1   2  6   0  0  0  0  1  0/0    18:57   3:31   1:28 
Anze Kopitar             0  1  1  -1  0   4  1  0  0  0  6/17   18:42   3:54   3:11 
Benoit Pouliot           1  0  1  -1  0   3  3  0  0  1  1/1    15:22   3:57   0:07 
Byron Bitz               0  1  1   1  0   2  1  0  0  0  1/1     9:29   0:00   0:00 
Dalton Prout             0  1  1   2  0   1  0  0  0  0  0/0    21:20   3:34   3:19 
Dan Hamhuis              0  0  0   0  0   0  2  0  0  0  0/0    12:39   0:06   1:18 
Dany Heatley             0  0  0   0  0   1  0  0  1  0  1/1     7:15   0:00   0:07 
Daultan Leveillé         0  0  0   0  0   1  0  0  0  0  2/2     7:08   0:00   0:00 
Erik Gudbranson          0  0  0   0  2   2  2  0  1  1  0/0    28:29   5:41   1:51 
Jeremy Morin             0  1  1   1  0   2  0  0  2  0  0/0     9:29   0:00   0:00 
Jordan Eberle            0  0  0  -1  0   2  1  0  0  0  0/0    18:40   3:57   3:11 
Josh Gorges              0  0  0   0  0   1  0  0  0  0  0/0    12:07   0:00   1:18 
Kasperi Kapanen          0  0  0   0  0   1  1  0  1  0  1/1     7:08   0:00   0:00 
Matt Duchene             1  2  3   2  0   3  1  0  1  0  19/34  23:00   5:18   0:00 
Max Reinhart             1  0  1   1  0   2  1  0  0  0  2/4    10:54   0:00   1:19 
Nick Bjugstad            1  0  1   2  0   2  0  0  0  0  2/2    21:49   5:18   0:00 
Oscar Klefbom            0  1  1   0  0   0  1  3  0  0  0/0    26:33   5:41   0:00 
Taylor Hall              1  2  3   2  0   8  1  1  2  0  0/0    24:25   5:18   1:19 

Players Stats for Capitals

Player Name              G  A  P  +/- PIM S  H  SB GA TA FO     MP     PP MP  PK MP  
------------------------------------------------------------------------------------
Alexei Marchenko         0  0  0  -1  0   0  0  3  0  1  0/0    20:33   0:00   5:57 
Blake Pietila            0  0  0   0  0   1  1  0  0  0  1/1    10:01   0:00   0:26 
Brad Richardson          0  0  0   0  0   0  0  0  0  0  0/4    10:12   0:00   0:42 
Cameron Gaunce           0  1  1  -1  0   0  0  0  0  0  0/0    23:23   2:54   4:31 
Cody Hodgson             1  0  1  -2  0   3  2  0  0  1  20/35  17:52   2:48   0:00 
Jared Spurgeon           0  0  0  -1  4   1  0  2  0  1  0/0    14:33   1:43   0:00 
Jason Spezza             0  0  0   0  2   2  0  0  0  0  0/2    18:49   2:47   3:39 
Joe Thornton             0  0  0  -2  0   2  1  1  1  0  0/1    17:09   2:48   0:00 
Logan Couture            0  0  0   0  0   2  3  0  0  1  4/8    15:56   0:00   3:42 
Mark Stone               0  0  0   0  2   1  0  0  0  0  0/0    10:44   1:49   0:00 
Martins Karsums          0  0  0   0  0   1  0  0  0  0  0/0     9:02   0:00   0:00 
Milan Michalek           0  0  0   0  0   0  1  1  0  0  0/0    12:09   0:00   0:00 
Nikita Zaitsev           0  1  1   0  4   1  4  5  0  1  0/0    26:20   1:43   4:44 
Patrick Kane             1  0  1  -2  0   3  2  0  2  1  1/1    22:08   1:49   5:10 
Patrick Sharp            0  0  0   0  0   2  0  1  0  0  0/0     9:02   0:00   0:00 
Sergey Kalinin           0  1  1   0  0   2  1  0  0  0  2/11   15:33   1:49   4:51 
Trevor Daley             0  0  0  -1  2   0  0  1  0  0  0/0    12:15   0:00   0:00 
Victor Hedman            0  0  0   0  0   2  0  3  0  2  0/0    23:05   2:54   3:18 

3 Stars

1 - Taylor Hall (Flo)
2 - Matt Duchene (Flo)
3 - Nick Bjugstad (Flo)

Power Play

Panthers - 2 on 7 Attempt(s) - 28.57%
Capitals - 1 on 4 Attempt(s) - 25.00%

Penalty Kill

Panthers - 3 on 4 Attempt(s) - 75.00% - Score 0 goal in Penalty Kill
Capitals - 5 on 7 Attempt(s) - 71.43% - Score 0 goal in Penalty Kill

Team Stat

Panthers - Hits : 15 - Faceoff Wins : 35 - Blocked Shots : 4 - Penalty Minutes : 8
Capitals - Hits : 15 - Faceoff Wins : 28 - Blocked Shots : 17 - Penalty Minutes : 14

Official

Referees : Ian Walsh and Chris Rooney
Linesman : Greg Devorski and Derek Nansen

Game Notes

Victor Hedman is injured at 16:05 of 3rd period (Lower Body)

Finance

Level 1 -- Attendance: 6000 (100.00%) -- Ticket Income $600,000
Level 2 -- Attendance: 5000 (100.00%) -- Ticket Income $300,000
Level 3 -- Attendance: 2000 (100.00%) -- Ticket Income $70,000
Level 4 -- Attendance: 4000 (100.00%) -- Ticket Income $100,000
Luxury Box -- Attendance: 1000 (100.00%) -- Ticket Income $200,000
Game was played at the Capital One Arena.
Total Attendance: 18000 (100.00%)
Total Ticket Income: $1,270,000
Other Income: $190,500
Total Income: $1,460,500

Panthers

5 vs 5 Forward 
   Center                   Left Wing                Right Wing               Time % Phy DF OF 
 1 Matt Duchene             Taylor Hall              Nick Bjugstad            50     0   2  3  
 2 Anze Kopitar             Benoit Pouliot           Jordan Eberle            35     0   2  3  
 3 Max Reinhart             Jeremy Morin             Byron Bitz               10     1   2  2  
 4 Daultan Leveillé         Dany Heatley             Kasperi Kapanen          5      0   2  3  

5 vs 5 Defense 
   Defense                  Defense                                           Time % Phy DF OF 
 1 Erik Gudbranson          Oscar Klefbom                                     50     0   2  3  
 2 Adam Larsson             Dalton Prout                                      30     0   2  3  
 3 Josh Gorges              Dan Hamhuis                                       10     1   2  2  
 4 Erik Gudbranson          Oscar Klefbom                                     10     0   2  3  

PowerPlay Forward 
   Center                   Left Wing                Right Wing               Time % Phy DF OF 
 1 Matt Duchene             Taylor Hall              Nick Bjugstad            60     0   1  4  
 2 Anze Kopitar             Benoit Pouliot           Jordan Eberle            40     0   1  4  

PowerPlay Defense
   Defense                  Defense                                           Time % Phy DF OF 
 1 Erik Gudbranson          Oscar Klefbom                                     70     0   2  3  
 2 Adam Larsson             Dalton Prout                                      30     0   2  3  

Penalty Kill 4 Players Forward 
   Center                   Wing                     Time % Phy DF OF 
 1 Anze Kopitar             Jordan Eberle            60     0   5  0  
 2 Max Reinhart             Taylor Hall              40     0   5  0  

Penalty Kill 4 Players Defense
   Defense                  Defense                  Time % Phy DF OF 
 1 Erik Gudbranson          Adam Larsson             60     0   5  0  
 2 Dalton Prout             Josh Gorges              40     0   5  0  

Penalty Kill - 3 Players Forward 
   Forward                                           Time % Phy DF OF 
 1 Jordan Eberle                                     60     0   5  0  
 2 Anze Kopitar                                      40     0   5  0  

Penalty Kill - 3 Players Defense
   Defense                  Defense                  Time % Phy DF OF 
 1 Erik Gudbranson          Adam Larsson             60     0   5  0  
 2 Dalton Prout             Josh Gorges              40     0   5  0  

4 vs 4 Forward 
   Center                   Wing                     Time % Phy DF OF 
 1 Matt Duchene             Taylor Hall              60     0   2  3  
 2 Anze Kopitar             Jordan Eberle            40     0   2  3  

4 vs 4 Defense
   Defense                  Defense                  Time % Phy DF OF 
 1 Erik Gudbranson          Oscar Klefbom            60     0   2  3  
 2 Adam Larsson             Dalton Prout             40     1   2  2  

Last Minutes Offensive
   Center                   Left Wing                Right Wing               Defense                  Defense                  
   Matt Duchene             Taylor Hall              Jordan Eberle            Erik Gudbranson          Oscar Klefbom            

Last Minutes Defensive
   Center                   Left Wing                Right Wing               Defense                  Defense                  
   Anze Kopitar             Taylor Hall              Jordan Eberle            Erik Gudbranson          Adam Larsson             

Goaltenders
Starting : Petr Mrazek              
Backup : Tyler Weiman             

Extra Forwards
Normal : Jordan Eberle, Taylor Hall, Matt Duchene - PP : Anze Kopitar, Taylor Hall - PK : Dany Heatley
Extra Defensemen
Normal : Adam Larsson, Erik Gudbranson, Oscar Klefbom - PP : Josh Gorges - PK : Dalton Prout, Erik Gudbranson
Penalty Shots
Benoit Pouliot, Nick Bjugstad, Anze Kopitar, Taylor Hall, Jordan Eberle

Scratches
Andrej Sekera (Healthy), R.J. Umberger (Healthy)

Capitals

5 vs 5 Forward 
   Center                   Left Wing                Right Wing               Time % Phy DF OF 
 1 Cody Hodgson             Joe Thornton             Patrick Kane             35     0   1  4  
 2 Logan Couture            Milan Michalek           Jason Spezza             30     0   2  3  
 3 Sergey Kalinin           Blake Pietila            Mark Stone               20     0   2  3  
 4 Brad Richardson          Patrick Sharp            Martins Karsums          15     0   2  3  

5 vs 5 Defense 
   Defense                  Defense                                           Time % Phy DF OF 
 1 Victor Hedman            Cameron Gaunce                                    30     0   3  2  
 2 Nikita Zaitsev           Alexei Marchenko                                  30     0   4  1  
 3 Jared Spurgeon           Trevor Daley                                      25     0   4  1  
 4 Victor Hedman            Nikita Zaitsev                                    15     0   3  2  

PowerPlay Forward 
   Center                   Left Wing                Right Wing               Time % Phy DF OF 
 1 Cody Hodgson             Joe Thornton             Jason Spezza             55     0   0  5  
 2 Sergey Kalinin           Mark Stone               Patrick Kane             45     0   0  5  

PowerPlay Defense
   Defense                  Defense                                           Time % Phy DF OF 
 1 Cameron Gaunce           Victor Hedman                                     60     0   2  3  
 2 Nikita Zaitsev           Jared Spurgeon                                    40     0   2  3  

Penalty Kill 4 Players Forward 
   Center                   Wing                     Time % Phy DF OF 
 1 Sergey Kalinin           Patrick Kane             55     0   4  1  
 2 Logan Couture            Jason Spezza             45     0   4  1  

Penalty Kill 4 Players Defense
   Defense                  Defense                  Time % Phy DF OF 
 1 Nikita Zaitsev           Alexei Marchenko         60     0   4  1  
 2 Victor Hedman            Cameron Gaunce           40     0   4  1  

Penalty Kill - 3 Players Forward 
   Forward                                           Time % Phy DF OF 
 1 Patrick Kane                                      60     0   5  0  
 2 Jason Spezza                                      40     0   5  0  

Penalty Kill - 3 Players Defense
   Defense                  Defense                  Time % Phy DF OF 
 1 Alexei Marchenko         Victor Hedman            60     0   5  0  
 2 Cameron Gaunce           Nikita Zaitsev           40     0   5  0  

4 vs 4 Forward 
   Center                   Wing                     Time % Phy DF OF 
 1 Cody Hodgson             Patrick Kane             60     0   1  4  
 2 Joe Thornton             Jason Spezza             40     0   1  4  

4 vs 4 Defense
   Defense                  Defense                  Time % Phy DF OF 
 1 Cameron Gaunce           Victor Hedman            60     0   2  3  
 2 Alexei Marchenko         Nikita Zaitsev           40     0   2  3  

Last Minutes Offensive
   Center                   Left Wing                Right Wing               Defense                  Defense                  
   Cody Hodgson             Patrick Kane             Jason Spezza             Nikita Zaitsev           Victor Hedman            

Last Minutes Defensive
   Center                   Left Wing                Right Wing               Defense                  Defense                  
   Sergey Kalinin           Milan Michalek           Jason Spezza             Alexei Marchenko         Nikita Zaitsev           

Goaltenders
Starting : Cory Schneider           
Backup : Chet Pickard             

Extra Forwards
Normal : Patrick Kane, Jason Spezza, Cody Hodgson - PP : Patrick Kane, Jason Spezza - PK : Patrick Kane
Extra Defensemen
Normal : Victor Hedman, Nikita Zaitsev, Cameron Gaunce - PP : Cameron Gaunce - PK : Alexei Marchenko, Nikita Zaitsev
Penalty Shots
Cody Hodgson, Patrick Kane, Joe Thornton, Jason Spezza, Mark Stone

Scratches
Alexander Radulov (Strained Groin Injury), Brian Ferlin (Healthy), Jujhar Khaira (Healthy), Taylor Aronson (Healthy)

% Time on Ice - Panthers

Lines # - Real PCT - Wanted PCT - Time Play
Normal Forward
1 - 37% - 50% - 16:31
2 - 25% - 35% - 11:07
3 - 21% - 10% - 9:29
4 - 16% - 5% - 7:08
Normal Defense
1 - 44% - 50% - 19:16
2 - 31% - 30% - 13:55
3 - 24% - 10% - 10:28
4 - 1% - 10% - 0:36
PP Forward
1 - 58% - 60% - 5:21
2 - 42% - 40% - 3:54
PP Defense
1 - 61% - 70% - 5:41
2 - 39% - 30% - 3:34
PK Forward
1 - 71% - 60% - 3:18
2 - 29% - 40% - 1:19
PK Defense
1 - 83% - 60% - 3:50
2 - 17% - 40% - 0:47
PK3 Forward
1 - 0% - 60%
2 - 0% - 40%
PK3 Defense
1 - 0% - 60%
2 - 0% - 40%
44 Forward
1 - 78% - 60% - 1:28
2 - 22% - 40% - 0:25
44 Defense
1 - 77% - 60% - 1:27
2 - 23% - 40% - 0:26
Last Minute Offensive  - 0:00
Last Minute Defensive  - 0:00
Total
Forward - 60:00
Defense - 60:00

% Time on Ice - Capitals

Lines # - Real PCT - Wanted PCT - Time Play
Normal Forward
1 - 32% - 35% - 14:06
2 - 28% - 30% - 12:14
3 - 20% - 20% - 8:53
4 - 20% - 15% - 9:02
Normal Defense
1 - 31% - 30% - 13:56
2 - 30% - 30% - 13:11
3 - 28% - 25% - 12:15
4 - 11% - 15% - 4:53
PP Forward
1 - 61% - 55% - 2:48
2 - 39% - 45% - 1:49
PP Defense
1 - 63% - 60% - 2:54
2 - 37% - 40% - 1:43
PK Forward
1 - 60% - 55% - 5:33
2 - 40% - 45% - 3:42
PK Defense
1 - 64% - 60% - 5:57
2 - 36% - 40% - 3:18
PK3 Forward
1 - 0% - 60%
2 - 0% - 40%
PK3 Defense
1 - 0% - 60%
2 - 0% - 40%
44 Forward
1 - 76% - 60% - 1:26
2 - 24% - 40% - 0:27
44 Defense
1 - 72% - 60% - 1:21
2 - 28% - 40% - 0:32
Last Minute Offensive  - 0:00
Last Minute Defensive  - 0:00
Total
Forward - 60:00
Defense - 60:00

Play-by-Play

1st period


0:01 of 1st period - Cody Hodgson wins face-off versus Matt Duchene in neutral zone.
0:26 of 1st period - Cameron Gaunce is hit by Benoit Pouliot and loses puck.
0:37 of 1st period - Wrist shot by Jordan Eberle.
0:37 of 1st period - Stopped by Cory Schneider without a rebound.
0:38 of 1st period - Max Reinhart wins face-off versus Sergey Kalinin in Capitals zone.
2:07 of 1st period - Trevor Daley is hit by Dan Hamhuis and loses puck.
2:28 of 1st period - Slapshot by Jeremy Morin.
2:28 of 1st period - Stopped by Cory Schneider without a rebound.
2:29 of 1st period - Max Reinhart wins face-off versus Brad Richardson in Capitals zone.
2:46 of 1st period - Slapshot by Martins Karsums.
2:46 of 1st period - Shot Misses the Net.
2:48 of 1st period - Slapshot by Nikita Zaitsev.
2:48 of 1st period - Stopped by Petr Mrazek with a rebound.
2:50 of 1st period - Slapshot by Victor Hedman.
2:50 of 1st period - Stopped by Petr Mrazek with a rebound.
2:52 of 1st period - Wrist shot by Patrick Sharp.
2:52 of 1st period - Stopped by Petr Mrazek with a rebound.
2:58 of 1st period - Slapshot by Erik Gudbranson.
2:58 of 1st period - Shot Blocked by Jared Spurgeon.
3:04 of 1st period - Wrist shot by Jeremy Morin.
3:04 of 1st period - Shot Misses the Net.
3:08 of 1st period - Slapshot by Jeremy Morin.
3:08 of 1st period - Deflect By Max Reinhart.
3:08 of 1st period - Shot Blocked by Jared Spurgeon.
3:08 of 1st period - Puck is out of play.
3:09 of 1st period - Matt Duchene wins face-off versus Cody Hodgson in Capitals zone.
3:15 of 1st period - Minor Penalty to Adam Larsson for Interference.
3:16 of 1st period - Cody Hodgson wins face-off versus Anze Kopitar in Panthers zone.
3:42 of 1st period - Mark Stone is hit by Erik Gudbranson and loses puck.
4:26 of 1st period - Icing by Sergey Kalinin.
4:27 of 1st period - Sergey Kalinin wins face-off versus Max Reinhart in Capitals zone.
5:15 of 1st period - Penalty to Adam Larsson is over, Adam Larsson is back on ice.
5:48 of 1st period - Snap shot by Sergey Kalinin.
5:48 of 1st period - Stopped by Petr Mrazek with a rebound.
5:50 of 1st period - Wrist shot by Victor Hedman.
5:50 of 1st period - Stopped by Petr Mrazek with a rebound.
6:25 of 1st period - Dalton Prout is hit by Joe Thornton and loses puck.
7:24 of 1st period - Dalton Prout is hit by Patrick Kane and loses puck.
7:39 of 1st period - Icing by Joe Thornton.
7:40 of 1st period - Matt Duchene wins face-off versus Logan Couture in Capitals zone.
7:49 of 1st period - Wrist shot by Matt Duchene.
7:49 of 1st period - Deflect By Nick Bjugstad.
7:49 of 1st period - Shot Blocked by Nikita Zaitsev.
7:49 of 1st period - Puck is out of play.
7:50 of 1st period - Matt Duchene wins face-off versus Joe Thornton in Capitals zone.
8:20 of 1st period - Jared Spurgeon is hit by Anze Kopitar and loses puck.
8:39 of 1st period - Wrist shot by Anze Kopitar.
8:39 of 1st period - Stopped by Cory Schneider with a rebound.
8:41 of 1st period - Snap shot by Oscar Klefbom.
8:41 of 1st period - Shot Misses the Net.
9:27 of 1st period - Slapshot by Jordan Eberle.
9:27 of 1st period - Shot Blocked by Victor Hedman.
9:29 of 1st period - Slapshot by Anze Kopitar.
9:29 of 1st period - Shot Blocked by Patrick Sharp.
9:31 of 1st period - Slapshot by Adam Larsson.
9:31 of 1st period - Deflect By Anze Kopitar.
9:31 of 1st period - Stopped by Cory Schneider with a rebound.
9:33 of 1st period - Slapshot by Dalton Prout.
9:33 of 1st period - Shot Blocked by Victor Hedman.
10:00 of 1st period - Wrist shot by Joe Thornton.
10:00 of 1st period - Shot Blocked by Taylor Hall.
10:41 of 1st period - Anze Kopitar is hit by Sergey Kalinin and loses puck.
11:13 of 1st period - Off-side.
11:14 of 1st period - Logan Couture wins face-off versus Matt Duchene in neutral zone.
11:29 of 1st period - Slapshot by Jason Spezza.
11:29 of 1st period - Shot Misses the Net.
11:40 of 1st period - Icing by Taylor Hall.
11:41 of 1st period - Cody Hodgson wins face-off versus Matt Duchene in Panthers zone.
11:46 of 1st period - Snap shot by Patrick Kane.
11:46 of 1st period - Stopped by Petr Mrazek with a rebound.
12:12 of 1st period - Wrist shot by Matt Duchene.
12:12 of 1st period - Deflect By Taylor Hall.
12:12 of 1st period - Shot Misses the Net.
12:12 of 1st period - Puck is out of play.
12:13 of 1st period - Logan Couture wins face-off versus Anze Kopitar in Capitals zone.
12:21 of 1st period - Minor Penalty to Adam Larsson for High sticking.
12:22 of 1st period - Anze Kopitar wins face-off versus Cody Hodgson in Panthers zone.
12:27 of 1st period - Minor Penalty to Jason Spezza for Hooking.
12:28 of 1st period - Matt Duchene wins face-off versus Cody Hodgson in Capitals zone.
12:33 of 1st period - Snap shot by Taylor Hall.
12:33 of 1st period - Stopped by Cory Schneider without a rebound.
12:34 of 1st period - Cody Hodgson wins face-off versus Matt Duchene in Capitals zone.
12:41 of 1st period - Slapshot by Patrick Kane.
12:41 of 1st period - Shot Misses the Net.
12:43 of 1st period - Slapshot by Cameron Gaunce.
12:43 of 1st period - Shot Blocked by Oscar Klefbom.
12:45 of 1st period - Slapshot by Patrick Kane.
12:45 of 1st period - Shot Blocked by Oscar Klefbom.
12:51 of 1st period - Snap shot by Patrick Kane.
12:51 of 1st period - Deflect By Cody Hodgson.
12:51 of 1st period - Stopped by Petr Mrazek without a rebound.
12:52 of 1st period - Cody Hodgson wins face-off versus Matt Duchene in Panthers zone.
13:01 of 1st period - Wrist shot by Cody Hodgson.
13:01 of 1st period - Stopped by Petr Mrazek with a rebound.
13:17 of 1st period - Taylor Hall is hit by Cody Hodgson and loses puck.
13:41 of 1st period - Wrist shot by Jordan Eberle.
13:41 of 1st period - Shot Blocked by Joe Thornton.
14:07 of 1st period - Snap shot by Anze Kopitar.
14:07 of 1st period - Shot Misses the Net.
14:09 of 1st period - Snap shot by Benoit Pouliot.
14:09 of 1st period - Shot Misses the Net.
14:11 of 1st period - Snap shot by Benoit Pouliot.
14:11 of 1st period - Shot Misses the Net.
14:21 of 1st period - Penalty to Adam Larsson is over, Adam Larsson is back on ice.
14:27 of 1st period - Penalty to Jason Spezza is over, Jason Spezza is back on ice.
14:45 of 1st period - Minor Penalty to Jared Spurgeon for Cross-checking.
14:46 of 1st period - Matt Duchene wins face-off versus Sergey Kalinin in Capitals zone.
14:53 of 1st period - Wrist shot by Matt Duchene.
14:53 of 1st period - Deflect By Taylor Hall.
14:53 of 1st period - Stopped by Cory Schneider with a rebound.
15:13 of 1st period - Sergey Kalinin is hit by Jordan Eberle and loses puck.
16:45 of 1st period - Penalty to Jared Spurgeon is over, Jared Spurgeon is back on ice.
16:57 of 1st period - Slapshot by Jared Spurgeon.
16:57 of 1st period - Stopped by Petr Mrazek without a rebound.
16:58 of 1st period - Dany Heatley wins face-off versus Brad Richardson in Panthers zone.
17:07 of 1st period - Wrist shot by Dany Heatley.
17:07 of 1st period - Stopped by Cory Schneider without a rebound.
17:08 of 1st period - Daultan Leveillé wins face-off versus Cody Hodgson in Capitals zone.
17:35 of 1st period - Taylor Hall is hit by Logan Couture and loses puck.
17:40 of 1st period - Wrist shot by Jason Spezza.
17:40 of 1st period - Stopped by Petr Mrazek without a rebound.
17:41 of 1st period - Logan Couture wins face-off versus Matt Duchene in Panthers zone.
17:48 of 1st period - Wrist shot by Logan Couture.
17:48 of 1st period - Stopped by Petr Mrazek without a rebound.
17:49 of 1st period - Matt Duchene wins face-off versus Logan Couture in Panthers zone.
18:06 of 1st period - Snap shot by Matt Duchene.
18:06 of 1st period - Stopped by Cory Schneider with a rebound.
18:08 of 1st period - Slapshot by Adam Larsson.
18:08 of 1st period - Shot Misses the Net.
18:10 of 1st period - Snap shot by Taylor Hall.
18:10 of 1st period - Stopped by Cory Schneider without a rebound.
18:11 of 1st period - Cody Hodgson wins face-off versus Anze Kopitar in Capitals zone.
18:24 of 1st period - Wrist shot by Jordan Eberle.
18:24 of 1st period - Stopped by Cory Schneider with a rebound.
18:26 of 1st period - Slapshot by Erik Gudbranson.
18:26 of 1st period - Shot Blocked by Nikita Zaitsev.
18:46 of 1st period - Snap shot by Logan Couture.
18:46 of 1st period - Shot Misses the Net.
18:48 of 1st period - Snap shot by Logan Couture.
18:48 of 1st period - Stopped by Petr Mrazek without a rebound.
18:49 of 1st period - Anze Kopitar wins face-off versus Sergey Kalinin in Panthers zone.
19:27 of 1st period - Off-side.
19:28 of 1st period - Cody Hodgson wins face-off versus Matt Duchene in neutral zone.
Goals for this period are 0 for Panthers vs 0 for Capitals.
Shots for this period are 10 for Panthers vs 12 for Capitals.

2nd period


0:01 of 2nd period - Matt Duchene wins face-off versus Cody Hodgson in neutral zone.
0:26 of 2nd period - Nikita Zaitsev is hit by Benoit Pouliot and loses puck.
0:55 of 2nd period - Snap shot by Jeremy Morin.
0:55 of 2nd period - Shot Misses the Net.
1:05 of 2nd period - Minor Penalty to Mark Stone for Hooking.
1:06 of 2nd period - Matt Duchene wins face-off versus Sergey Kalinin in Capitals zone.
1:07 of 2nd period - Wrist shot by Taylor Hall.
1:07 of 2nd period - Stopped by Cory Schneider with a rebound.
1:09 of 2nd period - Slapshot by Erik Gudbranson.
1:09 of 2nd period - Deflect By Taylor Hall.
1:09 of 2nd period - Stopped by Cory Schneider without a rebound.
1:10 of 2nd period - Sergey Kalinin wins face-off versus Matt Duchene in Capitals zone.
3:05 of 2nd period - Penalty to Mark Stone is over, Mark Stone is back on ice.
3:16 of 2nd period - Slapshot by Jared Spurgeon.
3:16 of 2nd period - Deflect By Brad Richardson.
3:16 of 2nd period - Shot Misses the Net.
3:16 of 2nd period - Puck is out of play.
3:17 of 2nd period - Byron Bitz wins face-off versus Brad Richardson in Panthers zone.
3:32 of 2nd period - Slapshot by Jeremy Morin.
3:32 of 2nd period - Shot Misses the Net.
3:34 of 2nd period - Wrist shot by Max Reinhart.
3:34 of 2nd period - Deflect By Byron Bitz.
3:34 of 2nd period - Stopped by Cory Schneider with a rebound.
3:44 of 2nd period - Brad Richardson is hit by Taylor Hall and loses puck.
3:51 of 2nd period - Snap shot by Taylor Hall.
3:51 of 2nd period - Shot Misses the Net.
3:53 of 2nd period - Minor Penalty to Jared Spurgeon for Roughing.
3:54 of 2nd period - Matt Duchene wins face-off versus Sergey Kalinin in Capitals zone.
4:03 of 2nd period - Snap shot by Taylor Hall.
4:03 of 2nd period - Stopped by Cory Schneider with a rebound.
4:26 of 2nd period - Slapshot by Dalton Prout.
4:26 of 2nd period - Shot Misses the Net.
5:53 of 2nd period - Penalty to Jared Spurgeon is over, Jared Spurgeon is back on ice.
6:08 of 2nd period - Off-side.
6:09 of 2nd period - Daultan Leveillé wins face-off versus Brad Richardson in neutral zone.
6:20 of 2nd period - Snap shot by Patrick Sharp.
6:20 of 2nd period - Stopped by Petr Mrazek without a rebound.
6:21 of 2nd period - Nick Bjugstad wins face-off versus Logan Couture in Panthers zone.
6:46 of 2nd period - Jordan Eberle is hit by Blake Pietila and loses puck.
6:51 of 2nd period - Wrist shot by Sergey Kalinin.
6:51 of 2nd period - Stopped by Petr Mrazek without a rebound.
6:52 of 2nd period - Matt Duchene wins face-off versus Cody Hodgson in Panthers zone.
6:52 of 2nd period - Matt Duchene is hit by Cody Hodgson.
7:09 of 2nd period - Minor Penalty to Adam Larsson for Hooking.
7:10 of 2nd period - Cody Hodgson wins face-off versus Anze Kopitar in Panthers zone.
7:42 of 2nd period - Snap shot by Patrick Kane.
7:42 of 2nd period - Goal by Patrick Kane - Panthers : 0 - Capitals : 1.
7:43 of 2nd period - Matt Duchene wins face-off versus Cody Hodgson in neutral zone.
7:50 of 2nd period - Icing by Patrick Kane.
7:51 of 2nd period - Matt Duchene wins face-off versus Cody Hodgson in Capitals zone.
7:59 of 2nd period - Minor Penalty to Erik Gudbranson for Holding.
8:00 of 2nd period - Anze Kopitar wins face-off versus Cody Hodgson in Panthers zone.
8:05 of 2nd period - Icing by Joe Thornton.
8:06 of 2nd period - Cody Hodgson wins face-off versus Anze Kopitar in Capitals zone.
8:15 of 2nd period - Snap shot by Joe Thornton.
8:15 of 2nd period - Stopped by Petr Mrazek without a rebound.
8:16 of 2nd period - Cody Hodgson wins face-off versus Anze Kopitar in Panthers zone.
8:25 of 2nd period - Slapshot by Joe Thornton.
8:25 of 2nd period - Stopped by Petr Mrazek without a rebound.
8:26 of 2nd period - Cody Hodgson wins face-off versus Anze Kopitar in Panthers zone.
8:27 of 2nd period - Wrist shot by Jason Spezza.
8:27 of 2nd period - Stopped by Petr Mrazek without a rebound.
8:28 of 2nd period - Cody Hodgson wins face-off versus Anze Kopitar in Panthers zone.
9:59 of 2nd period - Penalty to Erik Gudbranson is over, Erik Gudbranson is back on ice.
10:50 of 2nd period - Snap shot by Anze Kopitar.
10:50 of 2nd period - Shot Misses the Net.
11:00 of 2nd period - Dalton Prout is hit by Nikita Zaitsev and loses puck.
12:05 of 2nd period - Slapshot by Oscar Klefbom.
12:05 of 2nd period - Deflect By Jeremy Morin.
12:05 of 2nd period - Stopped by Cory Schneider with a rebound.
12:07 of 2nd period - Snap shot by Erik Gudbranson.
12:07 of 2nd period - Stopped by Cory Schneider without a rebound.
12:08 of 2nd period - Logan Couture wins face-off versus Max Reinhart in Capitals zone.
12:27 of 2nd period - Wrist shot by Byron Bitz.
12:27 of 2nd period - Stopped by Cory Schneider without a rebound.
12:28 of 2nd period - Matt Duchene wins face-off versus Cody Hodgson in Capitals zone.
12:39 of 2nd period - Snap shot by Nick Bjugstad.
12:39 of 2nd period - Goal by Nick Bjugstad - Panthers : 1 - Capitals : 1.
12:40 of 2nd period - Matt Duchene wins face-off versus Cody Hodgson in neutral zone.
12:48 of 2nd period - Double Minor Penalty to Nikita Zaitsev for High sticking.
12:49 of 2nd period - Matt Duchene wins face-off versus Sergey Kalinin in Capitals zone.
13:10 of 2nd period - Erik Gudbranson is hit by Logan Couture and loses puck.
13:19 of 2nd period - Snap shot by Logan Couture.
13:19 of 2nd period - Shot Blocked by Oscar Klefbom.
13:49 of 2nd period - Snap shot by Matt Duchene.
13:49 of 2nd period - Goal by Matt Duchene - Panthers : 2 - Capitals : 1.
13:50 of 2nd period - Anze Kopitar wins face-off versus Sergey Kalinin in neutral zone.
14:01 of 2nd period - Wrist shot by Benoit Pouliot.
14:01 of 2nd period - Goal by Benoit Pouliot - Panthers : 3 - Capitals : 1.
14:02 of 2nd period - Cody Hodgson wins face-off versus Matt Duchene in neutral zone.
14:05 of 2nd period - Snap shot by Patrick Kane.
14:05 of 2nd period - Deflect By Joe Thornton.
14:05 of 2nd period - Shot Misses the Net.
14:05 of 2nd period - Puck is out of play.
14:06 of 2nd period - Patrick Kane wins face-off versus Matt Duchene in Panthers zone.
14:13 of 2nd period - Snap shot by Erik Gudbranson.
14:13 of 2nd period - Shot Blocked by Alexei Marchenko.
14:15 of 2nd period - Slapshot by Taylor Hall.
14:15 of 2nd period - Shot Misses the Net.
14:17 of 2nd period - Wrist shot by Matt Duchene.
14:17 of 2nd period - Deflect By Nick Bjugstad.
14:17 of 2nd period - Stopped by Cory Schneider without a rebound.
14:18 of 2nd period - Cody Hodgson wins face-off versus Matt Duchene in Capitals zone.
14:45 of 2nd period - Logan Couture is hit by Erik Gudbranson and loses puck.
15:00 of 2nd period - Adam Larsson is hit by Milan Michalek and loses puck.
15:16 of 2nd period - Victor Hedman is hit by Max Reinhart and loses puck.
16:13 of 2nd period - Minor Penalty to Trevor Daley for Hooking.
16:14 of 2nd period - Matt Duchene wins face-off versus Sergey Kalinin in Capitals zone.
16:52 of 2nd period - Jason Spezza is hit by Benoit Pouliot.
18:13 of 2nd period - Penalty to Trevor Daley is over, Trevor Daley is back on ice.
18:21 of 2nd period - Slapshot by Nikita Zaitsev.
18:21 of 2nd period - Shot Misses the Net.
18:29 of 2nd period - Snap shot by Jeremy Morin.
18:29 of 2nd period - Shot Blocked by Nikita Zaitsev.
18:47 of 2nd period - Brad Richardson is hit by Kasperi Kapanen and loses puck.
19:02 of 2nd period - Josh Gorges is hit by Nikita Zaitsev and loses puck.
19:21 of 2nd period - Victor Hedman is hit by Byron Bitz and loses puck.
19:34 of 2nd period - Snap shot by Kasperi Kapanen.
19:34 of 2nd period - Shot Blocked by Milan Michalek.
19:36 of 2nd period - Snap shot by Kasperi Kapanen.
19:36 of 2nd period - Stopped by Cory Schneider with a rebound.
19:38 of 2nd period - Wrist shot by Daultan Leveillé.
19:38 of 2nd period - Shot Blocked by Trevor Daley.
19:40 of 2nd period - Slapshot by Kasperi Kapanen.
19:40 of 2nd period - Shot Misses the Net.
19:50 of 2nd period - Matt Duchene is hit by Patrick Kane and loses puck.
Goals for this period are 3 for Panthers vs 1 for Capitals.
Shots for this period are 12 for Panthers vs 6 for Capitals.

3rd period


0:01 of 3rd period - Matt Duchene wins face-off versus Cody Hodgson in neutral zone.
0:06 of 3rd period - Joe Thornton is hit by Oscar Klefbom and loses puck.
0:27 of 3rd period - Benoit Pouliot is hit by Logan Couture and loses puck.
0:34 of 3rd period - Slapshot by Anze Kopitar.
0:34 of 3rd period - Stopped by Cory Schneider with a rebound.
0:36 of 3rd period - Slapshot by Dalton Prout.
0:36 of 3rd period - Stopped by Cory Schneider with a rebound.
2:38 of 3rd period - Snap shot by Taylor Hall.
2:38 of 3rd period - Shot Misses the Net.
2:40 of 3rd period - Slapshot by Benoit Pouliot.
2:40 of 3rd period - Deflect By Anze Kopitar.
2:40 of 3rd period - Shot Blocked by Alexei Marchenko.
2:40 of 3rd period - Puck is out of play.
2:41 of 3rd period - Blake Pietila wins face-off versus Anze Kopitar in Capitals zone.
3:42 of 3rd period - Snap shot by Max Reinhart.
3:42 of 3rd period - Deflect By Jeremy Morin.
3:42 of 3rd period - Shot Blocked by Nikita Zaitsev.
3:42 of 3rd period - Puck is out of play.
3:43 of 3rd period - Anze Kopitar wins face-off versus Cody Hodgson in Capitals zone.
4:10 of 3rd period - Nick Bjugstad is hit by Nikita Zaitsev and loses puck.
4:17 of 3rd period - Wrist shot by Milan Michalek.
4:17 of 3rd period - Shot Misses the Net.
4:33 of 3rd period - Snap shot by Max Reinhart.
4:33 of 3rd period - Deflect By Blake Pietila.
4:33 of 3rd period - Stopped by Cory Schneider with a rebound.
5:13 of 3rd period - Snap shot by Joe Thornton.
5:13 of 3rd period - Deflect By Patrick Kane.
5:13 of 3rd period - Stopped by Petr Mrazek without a rebound.
5:14 of 3rd period - Cody Hodgson wins face-off versus Anze Kopitar in Panthers zone.
5:29 of 3rd period - Slapshot by Erik Gudbranson.
5:29 of 3rd period - Shot Blocked by Alexei Marchenko.
5:49 of 3rd period - Wrist shot by Taylor Hall.
5:49 of 3rd period - Shot Misses the Net.
5:53 of 3rd period - Snap shot by Matt Duchene.
5:53 of 3rd period - Stopped by Cory Schneider with a rebound.
7:32 of 3rd period - Snap shot by Kasperi Kapanen.
7:32 of 3rd period - Shot Misses the Net.
7:34 of 3rd period - Slapshot by Josh Gorges.
7:34 of 3rd period - Deflect By Sergey Kalinin.
7:34 of 3rd period - Stopped by Cory Schneider with a rebound.
7:40 of 3rd period - Snap shot by Daultan Leveillé.
7:40 of 3rd period - Stopped by Cory Schneider with a rebound.
8:19 of 3rd period - Slapshot by Anze Kopitar.
8:19 of 3rd period - Shot Misses the Net.
8:21 of 3rd period - Snap shot by Anze Kopitar.
8:21 of 3rd period - Shot Misses the Net.
8:23 of 3rd period - Slapshot by Oscar Klefbom.
8:23 of 3rd period - Deflect By Jordan Eberle.
8:23 of 3rd period - Shot Misses the Net.
8:23 of 3rd period - Puck is out of play.
8:24 of 3rd period - Matt Duchene wins face-off versus Jason Spezza in Capitals zone.
9:17 of 3rd period - Slapshot by Taylor Hall.
9:17 of 3rd period - Goal by Taylor Hall - Panthers : 4 - Capitals : 1.
9:18 of 3rd period - Cody Hodgson wins face-off versus Anze Kopitar in neutral zone.
9:29 of 3rd period - Wrist shot by Cody Hodgson.
9:29 of 3rd period - Goal by Cody Hodgson - Panthers : 4 - Capitals : 2.
9:30 of 3rd period - Matt Duchene wins face-off versus Cody Hodgson in neutral zone.
11:25 of 3rd period - Snap shot by Anze Kopitar.
11:25 of 3rd period - Stopped by Cory Schneider without a rebound.
11:26 of 3rd period - Anze Kopitar wins face-off versus Logan Couture in Capitals zone.
12:00 of 3rd period - Off-side.
12:01 of 3rd period - Cody Hodgson wins face-off versus Matt Duchene in neutral zone.
13:26 of 3rd period - Cody Hodgson is hit by Dan Hamhuis and loses puck.
13:33 of 3rd period - Snap shot by Max Reinhart.
13:33 of 3rd period - Goal by Max Reinhart - Panthers : 5 - Capitals : 2.
13:34 of 3rd period - Cody Hodgson wins face-off versus Matt Duchene in neutral zone.
13:39 of 3rd period - Snap shot by Cameron Gaunce.
13:39 of 3rd period - Shot Misses the Net.
13:41 of 3rd period - Snap shot by Joe Thornton.
13:41 of 3rd period - Shot Misses the Net.
14:46 of 3rd period - Slapshot by Erik Gudbranson.
14:46 of 3rd period - Deflect By Mark Stone.
14:46 of 3rd period - Stopped by Cory Schneider without a rebound.
14:47 of 3rd period - Kasperi Kapanen wins face-off versus Sergey Kalinin in Capitals zone.
15:12 of 3rd period - Alexei Marchenko is hit by Matt Duchene and loses puck.
16:05 of 3rd period - Backhand shot by Max Reinhart.
16:05 of 3rd period - Shot Blocked by Victor Hedman.
16:05 of 3rd period - Victor Hedman from Capitals is injured at 16:05 of 3rd period (Lower Body).
16:06 of 3rd period - Cody Hodgson wins face-off versus Matt Duchene in Capitals zone.
17:01 of 3rd period - Slapshot by Blake Pietila.
17:01 of 3rd period - Stopped by Petr Mrazek without a rebound.
17:02 of 3rd period - Cody Hodgson wins face-off versus Matt Duchene in Panthers zone.
17:28 of 3rd period - Adam Larsson is hit by Nikita Zaitsev and loses puck.
17:45 of 3rd period - Wrist shot by Taylor Hall.
17:45 of 3rd period - Deflect By Matt Duchene.
17:45 of 3rd period - Shot Misses the Net.
17:45 of 3rd period - Puck is out of play.
17:46 of 3rd period - Benoit Pouliot wins face-off versus Cody Hodgson in Capitals zone.
18:01 of 3rd period - Wrist shot by Benoit Pouliot.
18:01 of 3rd period - Stopped by Cory Schneider with a rebound.
18:03 of 3rd period - Snap shot by Jordan Eberle.
18:03 of 3rd period - Shot Blocked by Nikita Zaitsev.
19:03 of 3rd period - Wrist shot by Martins Karsums.
19:03 of 3rd period - Stopped by Petr Mrazek with a rebound.
19:19 of 3rd period - Wrist shot by Sergey Kalinin.
19:19 of 3rd period - Shot Misses the Net.
19:21 of 3rd period - Wrist shot by Mark Stone.
19:21 of 3rd period - Shot Misses the Net.
19:23 of 3rd period - Snap shot by Mark Stone.
19:23 of 3rd period - Shot Misses the Net.
19:25 of 3rd period - Snap shot by Mark Stone.
19:25 of 3rd period - Stopped by Petr Mrazek without a rebound.
19:26 of 3rd period - Nick Bjugstad wins face-off versus Jason Spezza in Panthers zone.
19:41 of 3rd period - Wrist shot by Taylor Hall.
19:41 of 3rd period - Stopped by Cory Schneider with a rebound.
19:58 of 3rd period - Snap shot by Benoit Pouliot.
19:58 of 3rd period - Stopped by Cory Schneider with a rebound.
Goals for this period are 2 for Panthers vs 1 for Capitals.
Shots for this period are 13 for Panthers vs 5 for Capitals.